 Dungeon Crawl Stone Soup version 0.31-a0-154-g56bf346678 (webtiles) character file.

Game seed: 13000364989694439066

1309177 Sergey the Warrior (level 26, 187/191 HPs)
             Began as an Octopode Air Elementalist on June 11, 2023.
             Was an Elder of Sif Muna.
             Escaped with the Orb
             ... and 3 runes on June 12, 2023!
             The game lasted 05:33:52 (113947 turns).

Sergey the Warrior (Octopode Air Elementalist)    Turns: 113947, Time: 05:33:53

Health: 187/191    AC: 14    Str: 14    XL:     26   Next: 46%
Magic:  31/53      EV: 28    Int: 43    God:    Sif Muna [****..]
Gold:   1332       SH: 16    Dex: 22    Spells: 5/60 levels left

rFire   + + +        e - staff of poison "Caublat" {rPois rN+ Int+3 Dex+2, rPois !a}
rCold   + + +        l - +1 kite shield {AC+3}
rNeg    + . .        K - +2 hat
rPois   +            j - amulet "Pythuz" {RegenMP Will+ Str+4}
rElec   +            p - +4 ring of protection
rCorr   +            h - ring "Huxaej" {rCorr Dex+6}
SInv    +            V - ring of see invisible
Will    +++..        H - +4 ring of protection
Stlth   ++           y - ring of willpower
HPRegen 0.51/turn    k - ring "Uttinnay" {rF+ rC++ Int+6}
MPRegen 0.73/turn    M - ring "Ypli" {Drain rElec rF++ MP+9 Int+3}
                     Z - +6 ring of intelligence

%: no passive effects
@: very slightly contaminated, hasted, studying 2 skills, invisible, very quick
A: almost no armour, amphibious, 8 rings, camouflage 1, gelatinous body 1,
(nimble swimmer 1), tentacles, cold resistance 1, MP-powered wands
0: Orb of Zot
}: 3/15 runes: decaying, slimy, gossamer
a: Renounce Religion, Channel Magic, Forget Spell, Divine Exegesis


You escaped.
You worshipped Sif Muna.
Sif Muna was greatly pleased with you.
You visited 11 branches of the dungeon, and saw 52 of its levels.
You also visited: Gauntlet, Ice Cave, Wizlab and Desolation.

You collected 5853 gold pieces.
You spent 4521 gold pieces at shops.

Inventory:

Hand Weapons
 q - the +7 whip of Ihioparof {flame, rN+ rCorr Stlth+}
   (You found it on level 6 of the Dungeon)

   rN:        It protects you from negative energy.
   rCorr:     It protects you from acid and corrosion.
   Stlth:     It makes you more stealthy.
 w - a +4 spectral demon whip
Missiles
 d - 12 curare-tipped darts
 E - 5 throwing nets
Armour
 c - a +1 buckler of fire resistance
 l - a +1 kite shield of protection (worn)
 K - a +2 hat (worn)
Magical Staves
 e - the staff of poison "Caublat" (weapon) {rPois rN+ Int+3 Dex+2, rPois !a}
   (You found it on level 2 of the Lair of Beasts)

   [staff of poison]

   Base accuracy: +5 Base damage: 5 Base attack delay: 1.2 This weapon's minimum
   attack delay (0.6) is reached at skill level 12.
   Int:       It affects your intelligence (+3).
   Dex:       It affects your dexterity (+2).
   rPois:     It protects you from poison.
   rN:        It protects you from negative energy.
   It falls into the 'Staves' category.
   It is a one-tentacled weapon.
Jewellery
 f - a ring of wizardry
 h - the ring "Huxaej" (right tentacle) {rCorr Dex+6}
   (You bought it in a shop on level 4 of the Vaults)

   [ring of dexterity]

   Dex:       It affects your dexterity (+6).
   rCorr:     It protects you from acid and corrosion.
 j - the amulet "Pythuz" (around mantle) {RegenMP Will+ Str+4}
   (You took it off an imperial myrmidon in the Desolation of Salt)

   [amulet of magic regeneration]

   It increases your rate of magic regeneration.
   Str:       It affects your strength (+4).
   Will:      It increases your willpower.
 k - the ring "Uttinnay" (on tentacle) {rF+ rC++ Int+6}
   (You bought it in a shop on level 2 of the Orcish Mines)

   [ring of intelligence]

   Int:       It affects your intelligence (+6).
   rF:        It protects you from fire.
   rC:        It greatly protects you from cold.
 p - a +4 ring of protection (left tentacle)
 y - a ring of willpower (on tentacle)
 B - the amulet "Ofepnubi" {Spirit rElec rF+ Str-4}
   (You took it off a servant of whispers in the Desolation of Salt)

   [amulet of guardian spirit]

   It causes incoming damage to be divided between your reserves of health and
   magic.
   Str:       It affects your strength (-4).
   rF:        It protects you from fire.
   rElec:     It insulates you from electricity.
 H - a +4 ring of protection (on tentacle)
 M - the ring "Ypli" (on tentacle) {Drain rElec rF++ MP+9 Int+3}
   (You found it on level 5 of the Pits of Slime)

   [ring of magical power]

   Int:       It affects your intelligence (+3).
   rF:        It greatly protects you from fire.
   rElec:     It insulates you from electricity.
   MP:        It affects your magic capacity (+9).
   Drain:     It drains your maximum health when unequipped.
 V - a ring of see invisible (on tentacle)
 Y - the ring "Woamemu" {rElec rF+ Will++ rCorr Int-4}
   (You took it off a deep elf sorcerer on level 3 of the Elven Halls)

   [ring of protection from fire]

   Int:       It affects your intelligence (-4).
   rF:        It protects you from fire.
   rElec:     It insulates you from electricity.
   rCorr:     It protects you from acid and corrosion.
   Will:      It greatly increases your willpower.
 Z - a +6 ring of intelligence (on tentacle)
Wands
 v - a wand of digging (2)
 D - a wand of paralysis (36)
 N - a wand of mindburst (19)
 U - a wand of roots (30)
 W - a wand of light (23)
Scrolls
 a - a scroll of blinking {@r4}
 g - 5 scrolls of vulnerability {!r}
 i - 3 scrolls of summoning {!r}
 G - 17 scrolls of teleportation {@r3}
 J - a scroll of fear
 O - 2 scrolls of torment
 P - a scroll of fog {@r2}
 S - 7 scrolls of immolation
 T - 5 scrolls of poison
Potions
 b - 22 potions of curing {@q2}
 n - 3 potions of lignification
 o - 3 potions of resistance
 r - 8 potions of heal wounds {@q1}
 t - 4 potions of mutation
 u - 5 potions of cancellation
 x - 7 potions of enlightenment
 z - a potion of brilliance
 F - 4 potions of haste {@q5}
 I - 8 potions of might {@q3}
 L - a potion of magic
 Q - 8 potions of ambrosia
 X - a potion of invisibility
Miscellaneous
 m - a phantom mirror
 s - a phial of floods
 A - a lightning rod (4/4)
 C - a sack of spiders


   Skills:
 + Level 18.9 Fighting
 - Level 2.0 Short Blades
 - Level 2.0 Maces & Flails
 + Level 18.9 Dodging
 - Level 8.0 Stealth
 + Level 15.2 Shields
 + Level 17.8 Spellcasting
 - Level 12.0 Conjurations
 - Level 14.0 Summonings
 - Level 11.0 Necromancy
 - Level 11.0 Translocations
 - Level 8.0 Transmutations
 - Level 8.0 Air Magic
 - Level 9.0 Earth Magic
 - Level 6.0 Poison Magic
 - Level 14.0 Invocations
 - Level 10.0 Evocations


You had 5 spell levels left.
You knew the following spells:

 Your Spells              Type           Power      Damage    Failure   Level
a - Borgnjor's Vile Clut  Necr/Erth      45%        N/A       1%          5
b - Irradiate             Conj/Tmut      45%        3d26      1%          5
c - Spellforged Servitor  Conj/Summ      50%        N/A       4%          7
d - Lee's Rapid Deconstr  Erth           43%        3d21*     1%          5
e - Blink                 Tloc           100%       N/A       1%          2
f - Animate Dead          Necr           93%        N/A       1%          4
l - Passage of Golubria   Tloc           93%        N/A       1%          4
p - Malign Gateway        Summ/Tloc      49%        N/A       6%          7
q - Death Channel         Necr           46%        N/A       1%          6
v - Olgreb's Toxic Radia  Pois           94%        N/A       1%          4
z - Leda's Unmaking       Conj/Erth      45%        9d8       2%          6

Your spell library contained the following spells:

 Spells                   Type           Power      Damage    Failure   Level
 Kiss of Death            Conj/Necr      100%       2d13      0%          1
 Magic Dart               Conj           100%       1d8       0%          1
 Call Imp                 Summ           100%       N/A       0%          2
 Momentum Strike          Conj/Tloc      100%       3d10      0%          2
 Searing Ray              Conj           100%       2d8       0%          2
 Beastly Appendage        Tmut           100%       N/A       1%          1
 Freeze                   Ice            100%       1d10      1%          1
 Sandblast                Erth           100%       2d20      1%          1
 Shock                    Conj/Air       100%       1d9       1%          1
 Slow                     Hex            100%       N/A       1%          1
 Sting                    Tmut/Pois      100%       1d8       1%          1
 Lesser Beckoning         Tloc           100%       N/A       1%          2
 Passwall                 Tmut/Erth      70%        N/A       1%          2
 Poisonous Vapours        Pois/Air       100%       N/A       1%          2
 Static Discharge         Conj/Air       100%       2-7/arc   1%          2
 Sublimation of Blood     Necr           93%        N/A       1%          2
 Wereblood                Tmut           82%        N/A       1%          2
 Dazzling Flash           Conj/Hex       100%       N/A       1%          3
 Gell's Gravitas          Tloc           93%        N/A       1%          3
 Hailstorm                Conj/Ice       74%        3d15      1%          3
 Ignite Poison            Fire/Tmut/Pois 87%        N/A       1%          3
 Mephitic Cloud           Conj/Pois/Air  100%       N/A       1%          3
 Portal Projectile        Hex/Tloc       100%       N/A       1%          3
 Spider Form              Tmut/Pois      99%        N/A       1%          3
 Stone Arrow              Conj/Erth      100%       3d13      1%          3
 Swiftness                Air            82%        N/A       1%          3
 Teleport Other           Tloc           93%        N/A       1%          3
 Vampiric Draining        Necr           93%        2d12      1%          3
 Volatile Blastmotes      Fire/Tloc      100%       2d18      1%          3
 Airstrike                Air            41%        2d(6-22)  1%          4
 Anguish                  Hex/Necr       35%        N/A       1%          4
 Dispel Undead            Necr           93%        3d29      1%          4
 Flame Wave               Conj/Fire      74%        2d16      1%          4
 Fulminant Prism          Conj/Hex       37%        3d17      1%          4
 Iskenderun's Mystic Bla  Conj/Tloc      95%        2d18      1%          4
 Manifold Assault         Tloc           93%        N/A       1%          4
 Sticky Flame             Conj/Fire      74%        2d9       1%          4
 Summon Lightning Spire   Summ/Air       93%        N/A       1%          4
 Agony                    Necr           93%        N/A       1%          5
 Alistair's Intoxication  Tmut/Pois      66%        N/A       1%          5
 Arcjolt                  Conj/Air       45%        1d55      1%          5
 Blade Hands              Tmut           41%        N/A       1%          5
 Freezing Cloud           Conj/Ice/Air   38%        6-21      1%          5
 Iskenderun's Battlesphe  Conj           96%        2d14      1%          5
 Summon Forest            Summ/Tloc      49%        N/A       1%          5
 Summon Mana Viper        Hex/Summ       78%        N/A       1%          5
 Fireball                 Conj/Fire      37%        3d15      2%          5
 Confusing Touch          Hex            38%        N/A       3%          3
 Frozen Ramparts          Ice            76%        1d12      3%          3
 Ozocubu's Armour         Ice            38%        N/A       3%          3
 Tukima's Dance           Hex            38%        N/A       3%          3
 Silence                  Hex/Air        32%        N/A       6%          5
 Cause Fear               Hex            19%        N/A       12%         4
 Metabolic Englaciation   Hex/Ice        19%        N/A       32%         5
 Dispersal                Tloc           46%        N/A       1%          6
 Summon Cactus Giant      Summ           51%        N/A       1%          6
 Conjure Ball Lightning   Conj/Air       45%        3x3d16    3%          6
 Summon Hydra             Summ           51%        N/A       3%          7
 Eringya's Noxious Bog    Tmut/Pois      49%        N/A       10%         6
 Starburst                Conj/Fire      37%        6d11      16%         6
 Simulacrum               Ice/Necr       35%        N/A       19%         6
 Plasma Beam              Fire/Air       32%        2x1d45    34%         6
 Dragon Form              Tmut           41%        N/A       36%         7
 Storm Form               Tmut/Air       41%        N/A       36%         7
 Borgnjor's Revivificati  Necr           46%        N/A       63%         8
 Disjunction              Tloc           46%        N/A       63%         8
 Lehudib's Crystal Spear  Conj/Erth      45%        10d11     71%         8
 Dragon's Call            Summ           51%        N/A       98%         9
 Enfeeble                 Hex            19%        N/A       100%        7
 Ozocubu's Refrigeration  Ice            19%        4d11      100%        7
 Ignition                 Fire           19%        3d7       100%        8
 Chain Lightning          Conj/Air       45%        3d60      100%        9
 Polar Vortex             Ice            19%        N/A       100%        9


Dungeon Overview and Level Annotations

Branches:
Dungeon (15/15)            Temple (1/1) D:5            Lair (5/5) D:11
  Swamp (4/4) Lair:3       Spider (4/4) Lair:3        Slime (5/5) Lair:4
    Orc (2/2) D:10            Elf (3/3) Orc:2        Vaults (4/5) D:13
  Crypt (0/3) Vaults:2     Depths (4/4) D:15            Zot (5/5) Depths:4
  IceCv (visited)          WizLab (visited)         Desolation (visited)
Gauntlet (visited)

Altars:
Ashenzari
Fedhas
Hepliaklqana
Kikubaaqudgha
Makhleb
Ru
Sif Muna
Wu Jian
Jiyva

Shops:
D:4 !   D:5 (   D:10 *   Orc:1 *   Orc:2 [=[(   Elf:2 :==   Vaults:4 (=
Depths:1 =   Depths:2 [*   Depths:3 (

Portals:
Hell: Lair:5 Depths:1 Depths:2 Depths:3 Depths:4
Abyss: Depths:3
Pandemonium: Depths:1 Depths:2 Depths:4
Ziggurat: Depths:1

Annotations:
D:1 exclusion: downstairs
D:2 exclusion: downstairs
D:4 exclusion: 2 downstairs, Anon1729's ghost, amateur MeMo
D:6 exclusion: downstairs
D:7 exclusion: downstairs
D:8 exclusion: 2 downstairs
D:11 exclusions: downstairs and 7 more exclusions
D:12 exclusions: 2 downstairs and 3 more exclusions
D:14 exclusion: downstairs
D:15 exclusion: wizard
Lair:1 exclusion: downstairs
Lair:2 exclusion: 2 downstairs
Lair:3 exclusion: downstairs
Lair:4 exclusion: downstairs
Lair:5 WIZARD VAULT
Spider:1 exclusion: downstairs
Spider:3 exclusions: 2 downstairs and ghost moth
Orc:2 exclusion: door
Elf:1 exclusion: 2 downstairs
Elf:2 3 runed translucent doors
Elf:3 Bai Suzhen
Vaults:1 2 transporters, Ymilidghe's ghost, adept TrGl; rigao's ghost, adept DgCj
Vaults:2 11 exclusions
Depths:2 exclusion: downstairs


Innate Abilities, Weirdness & Mutations

You cannot wear most types of armour.
You are amphibious.
You can wear up to eight rings at the same time.
Your skin changes colour to match your surroundings (Stealth+).
Your rubbery body absorbs attacks. (AC +1, EV +1)
((You are camouflaged when in or above water. (Stealth+)))
You have tentacles for arms and can constrict up to eight enemies at once.
Your flesh is cold resistant. (rC+)
You expend magic power (3 MP) to strengthen your wands.


Message History

The entropic shot hits the lorocyproca!!!
The lorocyproca dissolves into mud!
You kill the lorocyproca!
Sif Muna accepts your kill.
A Duziclil, a ynoxinul and an ice devil come into view.
Unknown command.
Blink to where?
Press: ? - help, Dir - move target
As you read the scroll of blinking {@r4}, it crumbles to dust.
Duziclil moves out of view.
The ynoxinul moves out of view.
You feel yourself speed up.
Your spellforged servitor casts a spell at the ice devil.
Blink to where?
Press: ? - help, Dir - move target
As you read the scroll of blinking {@r4}, it crumbles to dust.
Casting: Leda's Unmaking (mildly dangerous; 2% risk of failure)
Confirm with . or Enter, or press ? or * to list all spells.
Aiming: Passage of Golubria (safe; 1% risk of failure)
Press: ? - help, Dir - move target
Okay, then.
Unknown command.
Aiming: Dig
Press: ? - help, Shift-Dir - straight line, f - you Please select a direction to dig.
This square is covered in magical glow.
You feel a surge of power!
The rock shatters into small pieces.
Blink to where?
Press: ? - help, Dir - move target
As you read the scroll of blinking {@r4}, it crumbles to dust.
Aiming: Dig
Press: ? - help, Shift-Dir - straight line You can't see that place. [the floor.]
You feel a surge of power!
The rock shatters into small pieces.
Blink to where?
Press: ? - help, Dir - move target
As you read the scroll of blinking {@r4}, it crumbles to dust.
Unknown command.
Unknown command.
You have escaped!

###########
#....@....#
#.........#
###..#.....#.#
###..#.........#
#..###.........#
#.###
#.#.....#.# #.#
#.........# #.#
#.........# #.#
#.#.....#.#


There were no monsters in sight!

Vanquished Creatures
  the Royal Jelly (Slime:5)
  2 dread liches
  An ancient lich (WizLab)
  2 orbs of fire (Zot:5)
  Sojobo (Depths:2)
  A Killer Klown (Zot:5)
  the Lernaean hydra (Swamp:4)
  2 caustic shrikes (Depths:4)
  Nikola (Vaults:2)
  A golden dragon (Zot:5)
  A lich (Depths:2)
  11 Orb Guardians (Zot:5)
  Jorgrun (Orc:1)
  Zenata (Vaults:2)
  3 tentacled monstrosities
  11 acid blobs
  A deep elf master archer (Elf:3)
  An ancient champion (WizLab)
  2 death cobs (Zot:5)
  2 sphinxes
  Donald (Vaults:1)
  2 tengu reavers (Vaults:1)
  A thorn hunter (Swamp:3)
  2 storm dragons
  2 draconian monks
  A fenstrider witch (Depths:2)
  7 azure jellies (Slime:5)
  A draconian knight (Depths:4)
  3 fire giants
  8 rockslimes
  10 vault wardens
  8 deep elf sorcerers
  2 frost giants
  A daeva (Depths:1)
  A balrug (D:4)
  4 emperor scorpions
  A draconian scorcher (Zot:2)
  A deep elf elementalist (Elf:3)
  3 draconian shifters
  3 imperial myrmidons (Desolation)
  A draconian stormcaller (Zot:3)
  7 ghost moths
  4 formless jellyfish
  4 quicksilver oozes
  A ghoul (Swamp:3)
  2 orc warlords
  7 stone giants
  An angel (Depths:1)
  8 very ugly things
  8 ironbound preservers
  7 ironbound thunderhulks
  A green draconian (Zot:3)
  2 dire elephants
  4 deep elf demonologists
  4 purple draconians
  A red draconian (Zot:2)
  3 vampire knights
  2 spark wasps
  A lorocyproca (D:1)
  2 white draconians
  4 eleionomae
  10 deep elf annihilators (Elf:3)
  4 black draconians
  A yellow draconian (Zot:5)
  An acid blob zombie (Slime:5)
  A crystal guardian (Desolation)
  2 deep elf death magi (Elf:3)
  3 ettins (Depths:1)
  An entropy weaver (Spider:3)
  4 yaktaur captains
  9 ragged hierophants (Desolation)
  6 deep elf high priests (Elf:3)
  9 servants of whispers (Desolation)
  A shambling mangrove (Swamp:4)
  5 vault guards
  7 peacekeepers
  8 hydras
  5 ice dragons
  2 great orbs of eyes
  Harold (Lair:2)
  A rakshasa (Depths:2)
  An ogre mage (Depths:3)
  A catoblepas (Lair:2)
  3 spriggan air magi
  8 centaur warriors
  3 alligators
  5 ironbound frosthearts
  11 two-headed ogres
  An anaconda (shapeshifter) (Vaults:4)
  2 radroaches (Spider:2)
  14 death yaks
  24 dancing weapons
  8 boulder beetles
  7 deep troll earth magi
  2 tengu warriors
  3 demonic crawlers
  5 orc high priests (Orc:2)
  A vampire mage (Depths:2)
  2 hell knights
  A sun demon (D:4)
  2 spriggan berserkers
  10 deep elf knights
  A fire crab (Lair:2)
  3 iron trolls
  Amaemon (Lair:2)
  36 deep trolls
  18 skeletal warriors
  A skyshark (Lair:3)
  A flayed ghost (Depths:4)
  2 pharaoh ants
  5 glowing orange brains
  A spriggan rider (Swamp:1)
  3 goliath frogs
  2 orb spiders (Spider:4)
  10 deep elf archers
  17 ironbound convokers
  Pikel (D:4)
  A swamp dragon (Swamp:1)
  3 steelbarb worms
  11 wizards
  An obsidian statue (Zot:5)
  2 harpies (Vaults:3)
  3 bog bodies
  23 ugly things
  3 lindwurms
  3 necromancers
  23 deep elf zephyrmancers
  4 orc knights
  A wolf spider (shapeshifter) (Vaults:4)
  12 wolf spiders
  2 sphinx skeletons (Vaults:2)
  28 deep elf pyromancers
  5 cyclopes
  4 orc sorcerers
  5 black mambas
  3 will-o-the-wisps
  3 manticores (D:14)
  6 moths of wrath
  4 guardian serpents (Desolation)
  2 ice statues (IceCv)
  A fire giant skeleton (Vaults:2)
  A rust devil (Depths:2)
  9 vault sentinels
  6 elephants (Lair:5)
  A gargoyle (D:12)
  3 torpor snails
  19 cane toads
  3 orange demons
  7 rime drakes
  An unseen horror (shapeshifter) (D:14)
  A molten gargoyle (Desolation)
  2 elf skeletons (Vaults:2)
  11 yaktaurs
  14 komodo dragons
  2 kobold demonologists
  A yaktaur skeleton (Vaults:2)
  3 tengu conjurers
  A komodo dragon (shapeshifter) (D:13)
  6 polar bears
  A queen bee (D:12)
  4 red devils
  A queen bee (shapeshifter) (Elf:1)
  7 trolls
  5 hornets
  7 meliai
  44 saltlings
  A tarantella (shapeshifter) (D:14)
  Grinder (D:4)
  17 tarantellas
  3 tyrant leeches
  3 human skeletons (Vaults:2)
  19 blink frogs
  8 dream sheep
  18 jumping spiders
  7 culicivoras
  An air elemental (Elf:2)
  An ettin skeleton (Vaults:2)
  4 shadows
  10 water elementals
  4 spriggans
  4 vampires
  10 wyverns
  31 slime creatures
  2 basilisks
  3 fire elementals (Elf:1)
  34 redbacks
  3 wraiths
  35 yaks
  A steam dragon (D:11)
  A swamp worm (shapeshifter) (Depths:2)
  7 vampire mosquitoes
  3 wargs
  2 two-headed ogre zombies (WizLab)
  An acid dragon (D:13)
  19 water moccasins
  An ogre skeleton (Vaults:2)
  8 swamp worms
  2 floating eyes (Depths:2)
  2 swamp drakes (Swamp:4)
  A glowing shapeshifter skeleton (Vaults:2)
  2 human zombies (Desolation)
  2 hell hounds (Lair:5)
  3 black bears
  2 ice beasts
  34 orc warriors
  6 boggarts
  15 ogres
  34 wolves
  2 elf zombies
  11 centaurs
  3 lemures
  A kobold brigand (D:9)
  2 earth elementals (Elf:1)
  20 bullfrogs
  4 scorpions
  A necrophage (Swamp:3)
  6 wights
  14 killer bees
  3 lindwurm simulacra (IceCv)
  3 troll zombies (WizLab)
  7 howler monkeys
  3 electric eels
  4 komodo dragon simulacra (IceCv)
  5 jellies
  Crazy Yiuf (D:3)
  4 hounds
  A gnoll bouda (D:6)
  28 orc priests
  Jessica (D:3)
  Ijyb (D:4)
  2 sleepcaps
  A boggart zombie (Vaults:3)
  4 iguanas
  16 orc wizards
  3 ogre zombies (WizLab)
  7 gnolls
  2 acid dragon simulacra (IceCv)
  8 adders
  A shadow imp (D:7)
  A white imp (D:6)
  2 steam dragon simulacra (IceCv)
  A dart slug (D:1)
  99 orcs
  6 ball pythons
  5 endoplasms
  6 giant cockroaches
  5 goblins
  5 hobgoblins
  2 jackals (D:2)
  3 quokkas
  2 frilled lizards
  9 kobolds
  5 rats
  A spectral weapon (Desolation)
1479 creatures vanquished.

Vanquished Creatures (collateral kills)
  A Killer Klown (Zot:5)
  6 caustic shrikes (Depths:4)
  A golden dragon (Zot:5)
  2 bone dragons (Depths:4)
  6 tentacled monstrosities
  An electric golem (Zot:5)
  17 Orb Guardians
  Rupert (Lair:3)
  10 acid blobs
  A quicksilver dragon (Vaults:4)
  A deep elf blademaster (Elf:3)
  2 sphinxes
  7 death cobs
  4 shadow dragons
  6 storm dragons
  3 tengu reavers
  5 azure jellies
  8 rockslimes
  2 draconian monks
  3 draconian scorchers
  A vault warden (Vaults:1)
  3 fire giants
  5 frost giants
  4 emperor scorpions
  A balrug (Depths:2)
  A deep elf elementalist (Elf:3)
  2 draconian stormcallers
  A ghost moth (Spider:4)
  5 very ugly things
  A ghoul (Swamp:3)
  2 draconian annihilators
  A cacodemon (Zot:5)
  6 ironbound preservers
  A reaper (Depths:2)
  2 quicksilver oozes
  5 formless jellyfish
  10 stone giants
  The ghost of t4s4d4r the Geomancer, a journeyman DsEE of Vehumet (Lair:2)
  5 eleionomae
  3 green draconians
  6 black draconians
  3 purple draconians
  A lorocyproca (Depths:2)
  2 red draconians (Depths:4)
  7 dire elephants
  3 white draconians
  2 deep elf death magi (Elf:3)
  3 yellow draconians
  4 bunyips
  A green death (Depths:4)
  3 ettins
  5 spark wasps
  A blizzard demon (Depths:2)
  6 fire dragons
  A ragged hierophant (Vaults:2)
  A deep elf high priest (Elf:3)
  An entropy weaver (Spider:2)
  3 great orbs of eyes
  An entropy weaver (shapeshifter) (Depths:1)
  A rakshasa (Depths:3)
  3 vault guards (Vaults:1)
  A hell beast (Depths:2)
  The ghost of Kifaisig the Magician, a journeyman DgEE (Lair:1)
  17 hydras
  A yaktaur captain (Vaults:4)
  A peacekeeper (Desolation)
  6 ice dragons
  A servant of whispers (Desolation)
  3 spriggan air magi
  A death knight (D:15)
  A jorogumo (Spider:1)
  2 radroaches
  2 ironbound frosthearts (Vaults:4)
  A two-headed ogre (D:13)
  A boulder beetle (Spider:3)
  A death yak (Lair:3)
  7 alligators
  A two-headed ogre (shapeshifter) (Slime:5)
  4 tengu warriors
  2 deep troll earth magi
  2 demonic crawlers
  2 spriggan berserkers
  A deep troll shaman (Depths:3)
  5 hell knights
  A soul eater (Depths:4)
  3 sun demons
  4 spriggans
  8 skeletal warriors
  A sixfirhy (Zot:5)
  10 pharaoh ants
  2 goliath frogs
  8 iron trolls
  A death drake (Zot:3)
  A glowing orange brain (Depths:1)
  2 spriggan druids (Swamp:4)
  4 bog bodies
  15 deep trolls
  2 ironbound convokers
  8 swamp dragons
  A deep elf archer (Elf:2)
  4 wizards
  2 steelbarb worms
  2 harpies
  3 orb spiders (Spider:4)
  2 deep elf pyromancers (Elf:3)
  A necromancer (D:13)
  2 orc sorcerers (Orc:2)
  3 orc knights
  A manticore (D:14)
  14 wolf spiders
  21 ugly things
  A will-o-the-wisp (Swamp:1)
  A wolf spider zombie (Spider:4)
  A salamander (shapeshifter) (Depths:4)
  4 shining eyes
  An elephant (Lair:5)
  A black mamba (Lair:1)
  A human skeleton (Vaults:2)
  A guardian serpent (Desolation)
  5 torpor snails
  7 moths of wrath
  3 eyes of devastation
  2 smoke demons
  A cane toad (Lair:2)
  3 vault sentinels
  An orange demon (Lair:5)
  3 rime drakes (IceCv)
  3 tengu conjurers (Depths:4)
  3 yaktaurs (Vaults:4)
  A redback zombie (Spider:4)
  A freezing wraith (D:15)
  2 red devils (Lair:5)
  A bloated husk (Swamp:3)
  4 trolls
  6 meliai
  6 hornets
  10 saltlings
  A culicivora zombie (Spider:4)
  8 tyrant leeches
  A jumping spider zombie (Spider:1)
  16 tarantellas
  A dream sheep (Lair:3)
  82 slime creatures
  12 culicivoras
  24 jumping spiders
  2 vampires (WizLab)
  A wyvern (Lair:3)
  A basilisk (Lair:2)
  3 yaks
  29 redbacks
  A vampire mosquito (Swamp:3)
  A warg (Orc:1)
  A neqoxec (Depths:4)
  3 two-headed ogre zombies (WizLab)
  7 swamp worms
  2 floating eyes
  A water moccasin (Lair:2)
  A hell hound (Lair:5)
  7 swamp drakes
  10 orc warriors (Orc:2)
  4 ogres
  A boggart (Vaults:1)
  A yaktaur zombie (Vaults:3)
  5 wights (WizLab)
  4 troll zombies (WizLab)
  An electric eel (Lair:2)
  A komodo dragon simulacrum (IceCv)
  8 orc priests
  An ogre zombie (WizLab)
  4 acid dragon simulacra (IceCv)
  5 steam dragon simulacra (IceCv)
  16 orcs
734 creatures vanquished.

Vanquished Creatures (others)
  A tentacled monstrosity (Zot:3)
  Asterion (Spider:1)
  18 eldritch tentacles
  3 caustic shrike zombies (Depths:4)
  2 Killer Klown zombies (Zot:5)
  5 acid blob zombies (Slime:5)
  6 very ugly thing zombies
  A ragged hierophant (Desolation)
  14 Orb Guardian zombies (Zot:5)
  A quicksilver ooze zombie (Slime:1)
  2 storm dragon zombies (Zot:2)
  3 ghost moth zombies
  2 spark wasp zombies
  2 bunyip zombies (Swamp:4)
  6 wolf spider zombies
  A shadow dragon zombie (Zot:5)
  A sphinx zombie (Depths:3)
  13 ugly thing zombies
  2 eleionoma zombies (Swamp:3)
  A deep elf zephyrmancer (Elf:3)
  A stone giant zombie (Depths:2)
  A centaur zombie (D:13)
  6 draconian zombies
  3 green draconian zombies
  A black draconian zombie (Depths:4)
  2 purple draconian zombies
  17 redback zombies
  A white draconian zombie (Zot:2)
  2 red draconian zombies (Depths:4)
  3 yellow draconian zombies
  4 swamp worm zombies
  5 yaktaur zombies
  5 iron troll zombies
  A death drake zombie (Zot:3)
  8 hydra zombies
  A bloated husk (Swamp:2)
  10 jumping spider zombies
  2 ice dragon zombies
  An alligator zombie (Swamp:1)
  2 guardian serpent zombies (Desolation)
  3 moth of wrath zombies (Zot:2)
  6 culicivora zombies
  A meliai zombie (Spider:4)
  11 tarantella zombies
  A black mamba zombie (Lair:1)
  3 great orb of eyes zombies
  2 ettin zombies
  A jumping spider (Spider:4)
  21 slime creature zombies
  3 tyrant leech zombies
  7 spriggan zombies
  A vampire mosquito (Swamp:3)
  A two-headed ogre zombie (D:13)
  24 deep troll zombies
  An entropy weaver zombie (Spider:3)
  25 elf zombies
  4 hornet zombies
  27 human zombies
  3 swamp dragon zombies
  A lindwurm zombie (Lair:2)
  4 vampire mosquito zombies (Swamp:3)
  A wyvern zombie (Lair:2)
  A salamander zombie (Depths:4)
  3 tengu zombies
  2 bullfrog zombies (Lair:1)
  A black bear zombie (Lair:1)
  4 boggart zombies (Vaults:3)
  3 swamp drake zombies
  16 foxfires
  36 fulminant prisms
378 creatures vanquished.

Grand Total: 2591 creatures vanquished

Notes
Turn   | Place    | Note
-------+----------+-------------------------------------------
     0 | D:1      | Sergey the Octopode Air Elementalist began the quest for
                  | the Orb.
     0 | D:1      | Reached XP level 1. HP: 11/11 MP: 3/3
   653 | D:1      | You fall into a shaft and drop 1 floor!
   679 | D:2      | Reached skill level 1 in Fighting
   744 | D:1      | Found a faded altar of an unknown god.
   750 | D:1      | Reached XP level 2. HP: 18/18 MP: 5/5
   754 | D:1      | Learned a level 2 spell: Static Discharge
   759 | D:1      | Prayed at the altar of an unknown god.
   759 | D:1      | Became a worshipper of Sif Muna the Loreminder
   759 | D:1      | Reached * piety under Sif Muna
  1625 | D:1      | Found a shimmering blue altar of Sif Muna.
  2089 | D:1      | Found a shimmering blue altar of Sif Muna.
  2483 | D:1      | Gained mutation: You are frail. (-10% HP) [potion of
                  | mutation]
  2483 | D:1      | Gained mutation: You are occasionally teleported next to
                  | monsters. [potion of mutation]
  2483 | D:1      | Gained mutation: You are clumsy. (Dex -2) [potion of
                  | mutation]
  2509 | D:1      | Lost mutation: You are occasionally teleported next to
                  | monsters. [potion of mutation]
  2509 | D:1      | Lost mutation: You are clumsy. (Dex -2) [potion of
                  | mutation]
  2509 | D:1      | Lost mutation: You are frail. (-10% HP) [potion of
                  | mutation]
  2509 | D:1      | Gained mutation: Your mind is acute. (Int +4, Str/Dex -1)
                  | [potion of mutation]
  2509 | D:1      | Lost mutation: Your mind is acute. (Int +4, Str/Dex -1)
                  | [potion of mutation]
  2509 | D:1      | Gained mutation: Your flesh is cold resistant. (rC+)
                  | [potion of mutation]
  2509 | D:1      | Gained mutation: You expend magic power (3 MP) to
                  | strengthen your wands. [potion of mutation]
  2594 | D:2      | Reached XP level 3. HP: 24/24 MP: 1/6
  2837 | D:2      | Learned a level 3 spell: Swiftness
  3581 | D:2      | Noticed an ogre
  3847 | D:3      | Found a hazy altar of Hepliaklqana.
  4246 | D:3      | Reached skill level 5 in Stealth
  4246 | D:3      | Reached XP level 4. HP: 29/29 MP: 2/7
  4439 | D:3      | Noticed a scorpion
  4467 | D:3      | Killed a scorpion
  4468 | D:3      | Reached XP level 5. HP: 18/35 MP: 2/9
  5527 | D:3      | Found a runed translucent door.
  5897 | D:3      | Noticed Crazy Yiuf
  6229 | D:4      | Noticed a black bear
  6271 | D:4      | Reached ** piety under Sif Muna
  6437 | D:4      | Noticed Grinder
  6531 | D:3      | Reached XP level 6. HP: 35/43 MP: 1/10
  6688 | D:3      | Noticed Jessica
  6814 | D:4      | Noticed Ijyb
  6911 | D:3      | Killed Crazy Yiuf
  7067 | D:5      | Entered Level 5 of the Dungeon
  7067 | D:5      | Noticed a black bear
  7197 | D:5      | Noticed an ice beast
  7340 | D:5      | Killed a black bear
  7341 | D:5      | Reached skill level 1 in Short Blades
  7396 | D:5      | Found a staircase to the Ecumenical Temple.
  7458 | D:5      | Reached XP level 7. HP: 47/48 MP: 5/11
  7813 | Temple   | Entered the Ecumenical Temple
  7819 | Temple   | Learned a level 4 spell: Airstrike
  8244 | D:5      | Reached skill level 5 in Air Magic
  8373 | D:5      | Found Mekaum's Antique Weapon Shop.
  8558 | D:4      | Noticed Pikel
  9562 | D:4      | Found a transporter.
  9563 | D:4      | Found a transporter.
  9564 | D:4      | Noticed Anon1729's ghost (amateur MeMo)
  9565 | D:4      | Identified the +0 dire flail "Ylehijew" {holy, Dex+5}
  9577 | D:4      | Found Idghocis's Distillery.
  9582 | D:4      | Reached XP level 8. HP: 54/54 MP: 6/12
  9712 | D:4      | Bought a potion of invisibility for 80 gold pieces
  9712 | D:4      | Bought a potion of brilliance for 40 gold pieces
  9712 | D:4      | Bought a potion of degeneration for 10 gold pieces
  9733 | D:4      | Bought a potion of heal wounds for 50 gold pieces
  9876 | D:4      | Killed Ijyb
  9984 | D:4      | Identified the +10 plate armour of the Earth {+Inv Fly rC-
                  | Stlth+}
 10611 | D:4      | Killed Pikel
 11940 | D:6      | Reached skill level 5 in Fighting
 11940 | D:6      | Reached XP level 9. HP: 61/61 MP: 10/15
 12481 | D:6      | Identified the +7 whip of Ihioparof {flame, rN+ rCorr
                  | Stlth+}
 12676 | D:6      | Reached *** piety under Sif Muna
 13445 | D:4      | Killed Grinder
 13446 | D:4      | Reached skill level 5 in Dodging
 13785 | D:3      | Killed Jessica
 14031 | D:7      | Noticed a red ugly thing
 15414 | D:7      | Reached skill level 1 in Maces & Flails
 15501 | D:7      | Killed a red ugly thing
 15592 | D:7      | Reached XP level 10. HP: 68/68 MP: 7/16
 15829 | D:8      | Reached skill level 5 in Spellcasting
 17872 | D:7      | Reached skill level 5 in Invocations
 18333 | D:9      | Noticed a skeletal warrior
 18333 | D:9      | Noticed a skeletal warrior
 18333 | D:9      | Noticed a skeletal warrior
 18333 | D:9      | Noticed a skeletal warrior
 18333 | D:9      | Noticed a skeletal warrior
 19843 | D:9      | Noticed a two-headed ogre
 19855 | D:9      | Killed a two-headed ogre
 19856 | D:9      | Reached XP level 11. HP: 75/75 MP: 1/20
 20031 | D:10     | Entered Level 10 of the Dungeon
 20058 | D:10     | Found Imo Sol's Assorted Antiques.
 20061 | D:10     | Bought a scroll labelled QOTITA OPLE for 30 gold pieces
 20061 | D:10     | Bought a scroll labelled SITZULAELE for 30 gold pieces
 20364 | D:10     | Noticed a two-headed ogre
 20370 | D:10     | Killed a two-headed ogre
 20522 | D:10     | Found a staircase to the Orcish Mines.
 21758 | D:11     | Found a gate leading to a gauntlet.
 21767 | Gauntlet | Entered a Gauntlet
 21767 | Gauntlet | Found a transporter.
 21767 | Gauntlet | Found a runed translucent door.
 21767 | Gauntlet | Found a transporter.
 21767 | Gauntlet | Found a runed translucent door.
 21767 | Gauntlet | Found a transporter.
 21793 | Gauntlet | Noticed a catoblepas
 21795 | Gauntlet | Found a transporter.
 21796 | Gauntlet | Found a transporter.
 21799 | Gauntlet | Found a transporter.
 21806 | Gauntlet | Found a transporter.
 21807 | Gauntlet | Found a transporter.
 21809 | Gauntlet | Found a transporter.
 21810 | Gauntlet | Found a transporter.
 21810 | Gauntlet | Noticed a hell hog
 21818 | Gauntlet | Found a transporter.
 21818 | Gauntlet | Found a transporter.
 21967 | Gauntlet | Noticed a soul eater
 22726 | D:11     | Noticed a two-headed ogre
 22748 | D:11     | Killed a two-headed ogre
 23065 | D:11     | Found a staircase to the Lair.
 23595 | D:11     | Noticed a two-headed ogre
 23846 | D:11     | Killed a two-headed ogre
 24115 | Lair:1   | Entered Level 1 of the Lair of Beasts
 24668 | Lair:1   | Reached XP level 12. HP: 53/87 MP: 11/21
 24924 | Lair:1   | Reached skill level 10 in Fighting
 24924 | Lair:1   | Reached skill level 10 in Dodging
 25456 | Lair:1   | Learned a level 4 spell: Iskenderun's Mystic Blast
 25615 | Lair:1   | Noticed a boulder beetle
 25737 | Lair:1   | Reached skill level 1 in Translocations
 25963 | Lair:1   | Found a transporter.
 25973 | Lair:1   | Noticed Kifaisig's ghost (journeyman DgEE)
 25981 | Lair:1   | Found a transporter.
 26436 | Lair:1   | Killed a boulder beetle
 26979 | Lair:2   | Noticed Harold
 27066 | Lair:2   | Noticed t4s4d4r's ghost (journeyman DsEE)
 27070 | Lair:2   | Killed Harold
 27280 | Lair:1   | Reached skill level 5 in Conjurations
 27537 | Lair:2   | Reached skill level 5 in Translocations
 27754 | Lair:2   | Noticed a death yak
 28030 | Lair:2   | Found a transporter.
 28269 | Lair:2   | Killed a death yak
 28270 | Lair:2   | Reached XP level 13. HP: 92/92 MP: 0/25
 28794 | Lair:2   | Found a transporter.
 28993 | Lair:2   | Found a runed translucent door.
 29480 | Lair:3   | Noticed Rupert
 29699 | Lair:3   | Noticed Amaemon
 29709 | Lair:2   | Killed Amaemon
 29838 | Lair:3   | Found a staircase to the Swamp.
 30504 | Lair:4   | Reached **** piety under Sif Muna
 31754 | Lair:4   | Found a staircase to the Slime Pits.
 31759 | Lair:4   | Found a viscous altar of Jiyva.
 32066 | Lair:4   | Reached skill level 10 in Spellcasting
 32362 | Lair:5   | Entered Level 5 of the Lair of Beasts
 34007 | Lair:5   | Reached XP level 14. HP: 79/101 MP: 2/28
 36202 | Lair:5   | Noticed a quicksilver ooze
 38546 | D:12     | Learned a level 5 spell: Lee's Rapid Deconstruction
 38564 | D:12     | Reached skill level 1 in Earth Magic
 38658 | D:12     | Learned a level 4 spell: Summon Lightning Spire
 38676 | D:12     | Found a frozen archway.
 38695 | D:12     | Reached skill level 1 in Summonings
 38743 | IceCv    | Entered an ice cave
 39047 | IceCv    | Learned a level 4 spell: Fulminant Prism
 40225 | IceCv    | Noticed a white draconian
 40669 | IceCv    | Killed a white draconian
 42571 | D:13     | Reached skill level 5 in Earth Magic
 44452 | D:12     | Reached XP level 15. HP: 100/108 MP: 0/29
 45335 | D:9      | Learned a level 5 spell: Borgnjor's Vile Clutch
 46533 | Orc:1    | Entered Level 1 of the Orcish Mines
 46542 | Orc:1    | Reached skill level 1 in Necromancy
 46981 | Orc:1    | Found Voakyudim's CLEARANCE SALE!.
 46987 | Orc:1    | Bought a wand of light (7) for 88 gold pieces
 46987 | Orc:1    | Bought a scroll of amnesia for 12 gold pieces
 46987 | Orc:1    | Bought a sack of spiders for 120 gold pieces
 47043 | Orc:2    | Entered Level 2 of the Orcish Mines
 48616 | Orc:2    | Reached skill level 5 in Necromancy
 49260 | Orc:2    | Found Daenasek's Antique Armour Emporium.
 49427 | Orc:2    | Found Ewkuf's Jewellery Shoppe.
 49433 | Orc:2    | Bought the ring "Uttinnay" {rF+ rC++ Int+6} for 877 gold
                  | pieces
 49812 | Orc:2    | Reached ***** piety under Sif Muna
 50530 | Orc:2    | Noticed an orc warlord
 50761 | Orc:2    | Killed an orc warlord
 51857 | Orc:2    | Found a staircase to the Elven Halls.
 52664 | Orc:2    | Found Luann's Antique Weapon Shoppe.
 52814 | Orc:2    | Found Hurghunik's Antique Armour Shop.
 53063 | Orc:2    | Received a gift from Sif Muna
 53064 | Orc:2    | Got Depnoad's Cyclopedia of Kinetic Ice {god gift}
 53361 | Orc:1    | Noticed Jorgrun
 53368 | Orc:1    | Killed Jorgrun
 53369 | Orc:1    | Reached skill level 5 in Evocations
 55081 | D:14     | Reached XP level 16. HP: 114/114 MP: 18/31
 55257 | D:15     | Entered Level 15 of the Dungeon
 55463 | D:15     | Found a sacrificial altar of Ru.
 57407 | Swamp:1  | Entered Level 1 of the Swamp
 58288 | Lair:3   | Paralysed by Rupert for 3 turns
 58305 | Lair:3   | Killed Rupert
 58716 | Lair:3   | Found a hole to the Spider Nest.
 59909 | Lair:3   | Learned a level 4 spell: Animate Dead
 59918 | Lair:3   | Learned a level 6 spell: Death Channel
 59947 | Spider:1 | Entered Level 1 of the Spider Nest
 59952 | Spider:1 | Noticed Asterion
 59963 | Spider:1 | Killed Asterion
 63202 | Spider:1 | Reached skill level 10 in Necromancy
 63896 | D:13     | Found a gate to the Vaults.
 64811 | D:15     | Found a staircase to the Depths.
 65224 | D:15     | Reached XP level 17. HP: 119/119 MP: 16/33
 66732 | Lair:5   | Found a burning altar of Makhleb.
 66864 | Lair:5   | Found a gateway to Hell.
 66871 | Lair:5   | Identified the +1 plate armour "Kagod" {Str+6 Stlth+}
 67117 | Spider:1 | Learned a level 4 spell: Olgreb's Toxic Radiance
 67129 | Spider:2 | Reached skill level 1 in Poison Magic
 67392 | Spider:2 | Reached skill level 5 in Poison Magic
 68226 | Spider:2 | Received a gift from Sif Muna
 70635 | Spider:4 | Entered Level 4 of the Spider Nest
 70792 | Spider:4 | Identified the +2 pair of boots of the Silversmith {rF+}
 71363 | Spider:4 | Reached XP level 18. HP: 130/130 MP: 26/34
 71464 | Spider:4 | Received a gift from Sif Muna
 71465 | Spider:4 | Got Sif Muna's Folio of the Mausoleum and Transformation
                  | {god gift}
 71750 | Spider:4 | Reached skill level 10 in Evocations
 72268 | Swamp:1  | Noticed a tentacled monstrosity
 72277 | Swamp:1  | Killed a tentacled monstrosity
 72943 | Swamp:1  | You fall into a shaft and drop 1 floor!
 72961 | Swamp:2  | Reached skill level 1 in Shields
 74199 | Swamp:2  | Reached skill level 5 in Shields
 74206 | Swamp:2  | Reached skill level 1 in Transmutations
 75140 | Swamp:3  | Reached skill level 5 in Transmutations
 75705 | Swamp:4  | Entered Level 4 of the Swamp
 75792 | Swamp:4  | Noticed the 27-headed Lernaean hydra
 75804 | Swamp:4  | Killed the 27-headed Lernaean hydra
 75805 | Swamp:4  | Reached XP level 19. HP: 101/136 MP: 1/36
 75994 | Swamp:4  | Got a decaying rune of Zot
 76132 | Swamp:4  | Your ally 27-headed Lernaean hydra zombie died
 76566 | Swamp:4  | Learned a level 5 spell: Irradiate
 76833 | Vaults:1 | Entered Level 1 of the Vaults
 77402 | Vaults:1 | Reached skill level 15 in Fighting
 77565 | Vaults:1 | Noticed Donald
 77579 | Vaults:1 | Killed Donald
 77580 | Vaults:1 | Reached skill level 15 in Dodging
 79956 | Vaults:1 | Reached skill level 10 in Invocations
 80208 | Vaults:1 | Found a transporter.
 80208 | Vaults:1 | Found a transporter.
 80213 | Vaults:1 | Noticed rigao's ghost (adept DgCj)
 80224 | Vaults:1 | Noticed Ymilidghe's ghost (adept TrGl)
 80228 | Vaults:1 | Noticed a golden dragon
 80630 | Lair:1   | Identified the +8 orcbow "Rymoudeh" {freeze, rElec}
 80651 | Lair:1   | Killed Kifaisig's ghost
 81197 | Lair:2   | Identified the staff of poison "Caublat" {rPois rN+ Int+3
                  | Dex+2}
 81211 | Lair:2   | Learned a level 3 spell: Ignite Poison
 81481 | Elf:1    | Entered Level 1 of the Elven Halls
 81608 | Elf:1    | Reached XP level 20. HP: 145/145 MP: 26/38
 84409 | Elf:1    | Learned a level 4 spell: Passage of Golubria
 84738 | Elf:2    | Reached skill level 15 in Spellcasting
 85971 | Elf:2    | Found Pohyrghalo's Jewellery Shop.
 85973 | Elf:2    | Found Axtodoj's Book Shoppe.
 85975 | Elf:2    | Found Feut's Jewellery Shop.
 85987 | Elf:2    | Bought a ring of willpower for 525 gold pieces
 85987 | Elf:2    | Bought a +4 ring of protection for 756 gold pieces
 85994 | Elf:2    | Bought a book of Power for 672 gold pieces
 86001 | Elf:2    | Learned a level 6 spell: Leda's Unmaking
 86544 | Elf:2    | Found a runed translucent gate.
 86545 | Elf:2    | Found a runed translucent gate.
 86545 | Elf:2    | Found a runed translucent gate.
 86592 | Elf:3    | Entered Level 3 of the Elven Halls
 87121 | Elf:3    | Got Rocre's Discursus on Conjuring
 87337 | Elf:3    | Noticed Bai Suzhen
 87572 | Elf:3    | Identified the ring "Woamemu" {rElec rF+ Will++ rCorr
                  | Int-4}
 87816 | Elf:3    | Identified the +1 leather armour "Koskeu Soure" {-Tele
                  | rElec rPois Str+5}
 87846 | Elf:3    | Identified the staff of death "Narua" {rN+ Str+4}
 88128 | Elf:3    | Reached XP level 21. HP: 141/153 MP: 13/40
 88220 | Elf:3    | Identified the +11 great mace "Bato" {elec, Drain rC+ Str+2
                  | Dex+2}
 89101 | Elf:3    | Found the +0 pair of fencer's gloves {Riposte Dex+3}
 89109 | Elf:3    | Identified the staff of earth "Piwaakk" {rN+ Int-3 Dex+6}
 90697 | Spider:4 | Got a gossamer rune of Zot
 91142 | Elf:2    | Bought a +6 ring of intelligence for 648 gold pieces
 91637 | Vaults:2 | Noticed Zenata
 91650 | Vaults:2 | Killed Zenata
 91651 | Vaults:2 | Reached skill level 5 in Summonings
 91774 | Vaults:2 | Identified the +0 leather armour "Usiym" {*Slow Regen+
                  | Dex+8 SInv}
 91797 | Vaults:2 | Found a crumbling gateway.
 91805 | Desolati | Entered the Desolation of Salt
 92089 | Desolati | Identified the +2 trident "Xozosobowe" {drain, *Rage rCorr
                  | Stlth+}
 92089 | Desolati | Identified the ring "Fodghy" {rCorr Str+2}
 92331 | Desolati | Identified the +3 leather armour "Kujiabi" {Slay+2}
 92331 | Desolati | Identified the amulet "Xeqezad" {Reflect -Tele rPois Regen+
                  | SH+5 Stlth+}
 92743 | Desolati | Identified the amulet "Ofepnubi" {Spirit rElec rF+ Str-4}
 92747 | Desolati | Identified the +4 orcbow of the Hills {heavy, rPois rF++
                  | Dex-5}
 92747 | Desolati | Identified the amulet "Pythuz" {RegenMP Will+ Str+4}
 92981 | Desolati | Reached skill level 10 in Conjurations
 93297 | Desolati | Identified the +2 plate armour of the Untouchables {Harm
                  | rPois Will- Str+3}
 93518 | Desolati | Identified the amulet "Moumauty" {Faith Fly rF- Str+5}
 93760 | Vaults:2 | Noticed Nikola
 94575 | Vaults:2 | Reached skill level 10 in Summonings
 94747 | Vaults:2 | Killed Nikola
 94748 | Vaults:2 | Reached XP level 22. HP: 154/161 MP: 27/41
 95960 | Vaults:2 | Found a staircase to the Crypt.
 99020 | Vaults:3 | Found the +2 cloak of the Thief {*Fog Slay-2 SInv Stlth+}
100157 | Vaults:4 | Learned a level 7 spell: Spellforged Servitor
100770 | Vaults:4 | Found Fexoan's Weapon Boutique.
100774 | Vaults:4 | Received a gift from Sif Muna
100782 | Vaults:4 | Learned a level 2 spell: Blink
101120 | Vaults:4 | Found Mis Miof's Jewellery Emporium.
101124 | Vaults:4 | Bought the ring "Huxaej" {rCorr Dex+6} for 583 gold pieces
101483 | Depths:1 | Entered Level 1 of the Depths
101742 | Depths:1 | Found Mefiat Mece's Jewellery Boutique.
101820 | Depths:1 | Found a one-way gateway to a ziggurat.
101885 | Depths:1 | Reached XP level 23. HP: 137/167 MP: 26/43
102137 | Depths:1 | Identified the staff of air "Tomu" {rElec Int+2 Dex+4 SInv}
102806 | Depths:1 | Identified the staff of poison "Paraceemukh" {rPois rCorr
                  | Dex+2}
102916 | Depths:1 | Found a one-way gate leading to the halls of Pandemonium.
103355 | Depths:2 | Found Iblom's Assorted Antiques.
103363 | Depths:2 | Found Ryex Cod's Antique Armour Shop.
103776 | Depths:2 | Reached skill level 10 in Shields
104033 | Depths:2 | Found an ornate altar of the Wu Jian Council.
104312 | Depths:2 | Noticed Sojobo
104415 | Depths:2 | Paralysed by an air elemental for 1 turns
104417 | Depths:2 | Killed Sojobo
104621 | Depths:2 | Noticed a dread lich
104625 | Depths:2 | Killed a dread lich
104625 | Depths:2 | Received a gift from Sif Muna
104628 | Depths:2 | Got Ihihiren's Volume of the Icy Singularity {god gift}
105370 | Depths:3 | Found Fazika's Weapon Shoppe.
105636 | Depths:3 | Found a one-way gate to the infinite horrors of the Abyss.
106575 | Depths:4 | Entered Level 4 of the Depths
106658 | Depths:4 | Received a gift from Sif Muna
106659 | Depths:4 | Got Sif Muna's Compilation of the Igneous Salvo {god gift}
106668 | Depths:4 | Reached XP level 24. HP: 154/175 MP: 40/43
106700 | Depths:4 | Found a magical portal.
106709 | WizLab   | Entered Zonguldrok's Shrine
107191 | WizLab   | Learned a level 7 spell: Malign Gateway
107210 | WizLab   | Noticed an antique lich
107478 | WizLab   | Killed an antique lich
107486 | WizLab   | Found the +9 sword of Zonguldrok {reap}
107492 | WizLab   | Got Sif Muna's Catalogue of Places and Air
107741 | Depths:4 | Found a gate to the Realm of Zot.
107982 | Depths:4 | Noticed a caustic shrike
107987 | Depths:4 | Noticed a caustic shrike
107989 | Depths:4 | Noticed a caustic shrike
107989 | Depths:4 | Killed a caustic shrike
107992 | Depths:4 | Killed a caustic shrike
107997 | Depths:4 | Noticed a caustic shrike
108005 | Depths:4 | Killed a caustic shrike
108005 | Depths:4 | Killed a caustic shrike
108124 | Depths:4 | Noticed a caustic shrike
108127 | Depths:4 | Noticed a caustic shrike
108127 | Depths:4 | Noticed a caustic shrike
108134 | Depths:4 | Noticed a caustic shrike
108138 | Depths:4 | Killed a caustic shrike
108144 | Depths:4 | Killed a caustic shrike
108147 | Depths:4 | Killed a caustic shrike
108150 | Depths:4 | Killed a caustic shrike
108394 | Depths:4 | Found a broken altar of Ashenzari.
109467 | Slime:1  | Entered Level 1 of the Pits of Slime
110542 | Slime:3  | Paralysed by a floating eye for 4 turns
110770 | Slime:5  | Entered Level 5 of the Pits of Slime
110834 | Slime:5  | Reached XP level 25. HP: 179/182 MP: 17/43
110834 | Slime:5  | Found a viscous altar of Jiyva.
110835 | Slime:5  | Noticed the Royal Jelly
110884 | Slime:5  | Paralysed by a floating eye for 3 turns
110892 | Slime:5  | Killed the Royal Jelly
111053 | Slime:5  | Identified the ring "Ypli" {Drain rElec rF++ MP+9 Int+3}
111131 | Slime:5  | Got a slimy rune of Zot
111137 | Slime:5  | Got The Final Book of of Hermeneutics
111327 | Lair:2   | Killed t4s4d4r's ghost
111698 | Zot:1    | Entered Level 1 of the Realm of Zot
112118 | Zot:3    | Received a gift from Sif Muna
112119 | Zot:3    | Got Sif Muna's Vellum of the Combative Bonfire {god gift}
112185 | Zot:3    | Reached skill level 10 in Translocations
112276 | Zot:5    | Entered Level 5 of the Realm of Zot
113036 | Zot:5    | Noticed an orb of fire
113043 | Zot:5    | Noticed an orb of fire
113057 | Zot:5    | Noticed a Killer Klown
113066 | Zot:5    | Killed an orb of fire
113069 | Zot:5    | Killed an orb of fire
113070 | Zot:5    | Reached XP level 26. HP: 125/190 MP: 17/44
113077 | Zot:5    | Killed a Killer Klown
113098 | Zot:5    | Noticed a Killer Klown
113103 | Zot:5    | Noticed an ancient lich
113120 | Zot:5    | Killed a Killer Klown
113173 | Zot:5    | Noticed a dread lich
113186 | Zot:5    | Killed a dread lich
113361 | Zot:5    | Reached skill level 15 in Shields
113450 | Zot:5    | Got the Orb of Zot
113839 | D:5      | Noticed Sisisile the pandemonium lord
113931 | D:1      | Noticed Duziclil the pandemonium lord
113947 | D:$      | Escaped with the Orb!

Illustrated notes

Levels and vault maps discovered:
D:1:      lemuel_arrival_broad_hall, layout_rooms, basic_ecumenical_altar
D:2:      layout_basic
D:3:      layout_loops_ring, mainiacjoe_overflow_catwalk,
          kennysheep_jessica_study, uniq_crazy_yiuf_cottage
D:4:      layout_basic, serial_shops, shop, gammafunk_ghost_smash, uniq_pikel,
          uniq_ijyb, uniq_grinder
D:5:      layout_rooms, minmay_temple_entry_ruins, serial_shops, shop
D:6:      layout_basic, nrook_pool_corridor
D:7:      layout_basic, grunt_decor_fettered
D:8:      layout_basic, minivault_1, minmay_misc_feat_iff
D:9:      layout_irregular_city
D:10:     layout_irregular_city, david_orc_2, serial_shops,
          nicolae_shop_behind_doors
D:11:     layout_small_grid, erik_lair_dragon, gauntlet_entry_generic
D:12:     layout_long_grid, portal_ice_cave_entry_pillars_1, special_room
          [special_room_bee]
D:13:     layout_rooms, david_vaults_1, minmay_misc_feat_hallway
D:14:     layout_roguey, hangedman_decor_push
D:15:     hangedman_depths_entry_civil_slaughter, layout_loops_corners,
          lemuel_doored_altar
Temple:   nicolae_temple_bog_church
Lair:1:   layout_layer_cave, gammafunk_ghost_arena, minivault_25,
          grunt_megastairs_4
Lair:2:   gammafunk_lair_enchanted_lake, layout_chaotic_city,
          gammafunk_ghost_arena, beast_lair_carwin_6, uniq_harold
Lair:3:   layout_regular_city, swamp_mist_pool,
          hellmonk_spider_entry_not_the_bees, serial_bayou_pond_b,
          serial_bayou_shore_b, serial_bayou_shore_b, serial_bayou_shore_a,
          uniq_amaemon, uniq_rupert
Lair:4:   layout_regular_city, dpeg_slime_entry_corner, beast_lair_carwin_3
Lair:5:   evil_forest, layout_cave_pods, nicolae_lair_time_for_slime
Swamp:1:  layout_basic_swamp, evilmike_swamp_ruin_house_6
Swamp:2:  layout_basic_swamp, evilmike_swamp_ruin_house_4, swamp_pool3,
          infiniplex_staircase_pool_2
Swamp:3:  layout_falls_marsh, evilmike_swamp_ruin_wall,
          infiniplex_staircase_pool
Swamp:4:  swamp, layout_basic_swamp
Spider:1: layout_chambers, uniq_asterion
Spider:2: layout_spider_delve, drop_trap
Spider:3: layout_spider_delve, drop_trap, nicolae_spider_stair_cavern
Spider:4: grunt_spider_rune_circles, special_room,
          hangedman_spider_tarantella_strand
Slime:1:  layout_caves
Slime:2:  layout_caves
Slime:3:  layout_caves, nicolae_slime_crime_time
Slime:4:  layout_caves
Slime:5
Orc:1:    layout_caves, nicolae_shop_clearance, uniq_jorgrun
Orc:2:    pubby_orc_utopia
Elf:1:    eino_elf_arrival_shootout, layout_onion_city, minivault_28
Elf:2:    nicolae_elf_blades_crystal_corner, layout_geoelf_diagonals,
          grunt_ministairs_15, einodemon_crawler_minivault, minmay_shop_grove
Elf:3:    minmay_elf_hall_x, layout_geoelf_diagonals, minmay_elf_annihilation,
          uniq_bai_suzhen
Vaults:1: nzn_ghost_randoct, v_alt_pattern_1, nicolae_vaults_swerve,
          grunt_vaults_diagonal, dpeg_vaults_monster_box,
          nicolae_vaults_turnstiles, nicolae_vaults_octothorpe,
          vaults_dpeg_diagonal, v_pattern_5,
          nicolae_vaults_trapezoid_lopsided_1, vaults_room_pool,
          nicolae_vaults_sealed_display, nicolae_vaults_security_offices_1,
          layout_vaults_omnicross, uniq_donald
Vaults:2: portal_desolation_entry_nicolae_nacl,
          hangedman_vaults_stretched_pinwheel, nicolae_vaults_network_square,
          v_alt_pattern_6, hangedman_vaults_impose,
          nicolae_vaults_little_squares_6, nicolae_vaults_stepped_doors,
          hangedman_vaults_trim, minmay_crypt_entry_skeletal_spiral,
          vaults_room_corners, ontoclasm_vaults_shuriken,
          nicolae_vaults_surprise_closet, layout_vaults_chaotic_city,
          uniq_zenata, uniq_nikola
Vaults:3: nicolae_vaults_bisected_exclaves, hangedman_vaults_slice,
          nicolae_vaults_more_shelving_1, ontoclasm_vaults_ligature,
          nicolae_vaults_house_2, nicolae_vaults_octothorpe,
          nicolae_vaults_surprise_closet_hard, layout_vaults_omnigrid
Vaults:4: nicolae_vaults_cornered_office, ontoclasm_vaults_eye,
          nicolae_vaults_c_with_doors, nicolae_vaults_network_periphery,
          nicolae_vaults_tetromino_Z_2, v_pattern_1,
          nicolae_vaults_variable_pillar_hall, grunt_vaults_hallway_long,
          nicolae_vaults_taking_the_gang_shopping, layout_vaults_ring,
          serial_shops, nicolae_shop_tiny_real_fake_doors
Depths:1: layout_gridlike, enter_ziggurat_c, serial_shops, shop_fountains,
          grunt_pan_entry_sceptre, hell_entry, hangedman_abyss_or_decor_clamps,
          minmay_misc_feat_four_crosses, minmay_hollow_rounded_squares
Depths:2: hellmonk_paralyzer, layout_honeycomb,
          pdpol_wu_jian_five_deadly_venoms, grunt_mini_vestibule,
          rand_demon_pan_entry_9, minmay_staircase_statues, minmay_shoptagon,
          uniq_sojobo
Depths:3: kennysheep_ogre_elephant_herders, layout_gridlike, hell_entry,
          serial_aquarium, aquarium_bridge_straight [aquarium_subvault_bridge,
          aquarium_subvault_wall, aquarium_subvault_bridge,
          aquarium_subvault_balcony], aquarium_window_fake, aquarium_window_3,
          aquarium_view_2c, aquarium_balcony_double_1, aquarium_pool_five,
          abyss_entry_glasseish, kennysheep_pointless_box, serial_shops, shop,
          serial_bayou_crossing
Depths:4: grunt_zot_entry_tricorne, layout_gridlike, mu_enter_wizlab_4,
          rand_demon_pan_entry_5, ashenzari_altar_1, hell_entry
Zot:1:    layout_gridlike
Zot:2:    kennysheep_six_static_rooms, layout_misc_corridors,
          hangedman_zot_diagonal_lockstep
Zot:3:    hangedman_snap_crack_crunch, layout_cathedral_of_symmetry
Zot:4:    layout_misc_corridors, gammafunk_ghost_split
Zot:5:    layout_cathedral_of_symmetry

Skill      XL: |  1  2  3  4  5  6  7  8  9 10 11 12 13 14 15 16 17 18 19 20 21 22 23 24 25 26 |
---------------+-------------------------------------------------------------------------------+-----
Stealth        | 3 4 5 6 8 |  8.0
Fighting       | 1 2 3 4 5 6 7 9 10 11 12 13 14 15 16 17 18 | 18.9
Spellcasting   | 3 4 6 8 10 11 12 13 14 15 16 17 | 17.8
Conjurations   | 2 5 8 9 10 12 | 12.0
Short Blades   | 2 |  2.0
Air Magic      | 6 7 8 |  8.0
Invocations    | 3 6 8 9 11 12 13 14 | 14.0
Evocations     | 3 6 8 9 10 | 10.0
Dodging        | 6 7 9 10 11 12 13 14 15 16 17 18 | 18.9
Maces & Flails | 2 |  2.0
Translocations | 5 6 8 10 11 | 11.0
Earth Magic    | 6 8 9 |  9.0
Summonings     | 4 10 12 13 14 | 14.0
Necromancy     | 6 11 | 11.0
Poison Magic   | 6 |  6.0
Shields        | 5 8 12 13 14 15 | 15.2
Transmutations | 5 8 |  8.0

Action                     |  1- 3 |  4- 6 |  7- 9 | 10-12 | 13-15 | 16-18 | 19-21 | 22-24 | 25-27 || total
---------------------------+-------+-------+-------+-------+-------+-------+-------+-------+-------++-------
  Melee: Short sword       |    12 |       |       |       |       |       |       |       |       ||    12
         Constrict         |     1 |     5 |    11 |     8 |     9 |     5 |     2 |     2 |       ||    43
         Punch             |     1 |       |       |     1 |     3 |     1 |     1 |     1 |       ||     8
         Tentacles         |     1 |     6 |    11 |    10 |    29 |    15 |     9 |    11 |       ||    92
         Dagger            |       |    22 |    16 |     1 |     2 |       |       |       |       ||    41
         Whip              |       |       |    34 |    48 |    82 |    38 |     9 |       |       ||   211
         Staff             |       |       |       |     1 |       |       |    12 |    22 |       ||    35
   Fire: Shortbow          |       |       |       |       |       |   138 |       |       |       ||   138
         Orcbow            |       |       |       |       |       |       |     1 |       |       ||     1
  Throw: Stone             |     3 |     1 |       |    13 |       |       |       |       |       ||    17
         Boomerang         |       |     3 |     5 |    15 |     1 |       |       |       |       ||    24
         Javelin           |       |     1 |     1 |     7 |       |     1 |       |       |       ||    10
         Dart              |       |       |       |     1 |    15 |     2 |     5 |       |       ||    23
   Cast: Shock             |    55 |    60 |   120 |    83 |    19 |       |       |       |       ||   337
         Static Discharge  |     2 |     9 |     5 |    25 |     5 |       |       |       |       ||    46
         Swiftness         |       |     1 |     4 |     5 |    11 |     1 |     3 |       |       ||    25
         Airstrike         |       |       |    65 |   270 |   488 |    84 |    15 |       |       ||   922
         Iskenderun's Myst |       |       |       |    11 |    72 |    19 |     8 |     5 |       ||   115
         Fulminant Prism   |       |       |       |       |    36 |       |       |       |       ||    36
         Lee's Rapid Decon |       |       |       |       |    65 |    31 |    94 |    28 |    23 ||   241
         Summon Lightning  |       |       |       |       |    82 |    47 |     7 |       |       ||   136
         Borgnjor's Vile C |       |       |       |       |   123 |   254 |   235 |   150 |    81 ||   843
         Death Channel     |       |       |       |       |       |    52 |    37 |    35 |    18 ||   142
         Animate Dead      |       |       |       |       |       |    37 |    25 |    25 |    12 ||    99
         Olgreb's Toxic Ra |       |       |       |       |       |   118 |   212 |    68 |       ||   398
         Irradiate         |       |       |       |       |       |       |    17 |     8 |     1 ||    26
         Ignite Poison     |       |       |       |       |       |       |    82 |    33 |       ||   115
         Leda's Unmaking   |       |       |       |       |       |       |    85 |   287 |    61 ||   433
         Passage of Golubr |       |       |       |       |       |       |     9 |     7 |    13 ||    29
         Spellforged Servi |       |       |       |       |       |       |       |    68 |    33 ||   101
         Blink             |       |       |       |       |       |       |       |     2 |     5 ||     7
         Malign Gateway    |       |       |       |       |       |       |       |     9 |     9 ||    18
         Ignition          |       |       |       |       |       |       |       |       |     2 ||     2
 Invoke: Channel Magic     |       |       |     1 |    14 |    27 |    37 |    61 |    19 |    16 ||   175
         Forget Spell      |       |       |       |       |       |     2 |     1 |     2 |       ||     5
         Divine Exegesis   |       |       |       |       |       |       |       |       |     2 ||     2
  Evoke: Wand              |       |       |     6 |       |     6 |    16 |     9 |     3 |    14 ||    54
         Lightning rod     |       |       |       |       |       |    10 |     7 |       |       ||    17
         Phantom mirror    |       |       |       |       |       |     3 |     3 |     1 |     1 ||     8
         Tin of tremorston |       |       |       |       |       |     1 |     3 |       |       ||     4
         Phial of floods   |       |       |       |       |       |       |     1 |       |       ||     1
    Use: Scroll            |     4 |     3 |     4 |    14 |     8 |    16 |     7 |     6 |    14 ||    76
         Potion            |     2 |     2 |     1 |    14 |       |     9 |       |     2 |     8 ||    38
   Stab: Sleeping          |     1 |     1 |     2 |     1 |     3 |     1 |       |       |       ||     9
         Distracted        |       |       |       |       |       |       |     1 |       |       ||     1
 Armour: Skin              |     1 |     7 |     8 |     9 |    25 |    12 |    20 |    17 |     3 ||   102
  Dodge: Dodged            |    20 |    20 |    31 |   110 |   228 |   129 |   212 |   159 |    75 ||   984
  Block: Buckler           |       |       |       |       |       |     3 |    44 |    12 |       ||    59
         Kite shield       |       |       |       |       |       |       |       |    65 |    23 ||    88

Table legend: (Time is in decaauts)
 A = Elapsed time spent in this place.
 B = Non-inter-level travel time spent in this place.
 C = Inter-level travel time spent in this place.
 D = Time resting spent in this place.
 E = Time spent auto-exploring this place.
 F = Levels seen in this place.
 G = Mean time per level.
                   A        B        C        D        E       F      G
               +--------+--------+--------+--------+--------+-----+--------+
         Total | 114111 | 103256 |  10855 |  22945 |  59377 |  56 | 2037.7 |
       Dungeon |  36433 |  31006 |   5427 |   8370 |  15821 |  15 | 2428.9 |
        Temple |     48 |     47 |      1 |     39 |      0 |   1 |   48.0 |
          Lair |  20315 |  17832 |   2483 |   4475 |  10373 |   5 | 4063.0 |
         Swamp |   4404 |   4285 |    119 |    313 |   3099 |   4 | 1101.0 |
   Spider Nest |   9913 |   9459 |    454 |   2486 |   5085 |   4 | 2478.2 |
    Slime Pits |   1195 |   1093 |    102 |    223 |    237 |   5 |  239.0 |
  Orcish Mines |   7890 |   7430 |    460 |   1062 |   5392 |   2 | 3945.0 |
   Elven Halls |   7733 |   7359 |    374 |    944 |   5204 |   3 | 2577.7 |
        Vaults |  11917 |  11081 |    836 |   1207 |   8139 |   4 | 2979.2 |
        Depths |   7083 |   6722 |    361 |    378 |   4784 |   4 | 1770.8 |
           Zot |   1886 |   1654 |    232 |    508 |    340 |   5 |  377.2 |
      Ice Cave |   2280 |   2280 |      0 |   1726 |     44 |   1 | 2280.0 |
        Wizlab |    842 |    842 |      0 |    414 |    160 |   1 |  842.0 |
    Desolation |   1844 |   1844 |      0 |    798 |    553 |   1 | 1844.0 |
      Gauntlet |    323 |    323 |      0 |      0 |    146 |   1 |  323.0 |
               +--------+--------+--------+--------+--------+-----+--------+

Top non-repeatable levels by time:
  Lair:5: 6756 daAuts
   Orc:2: 6549 daAuts
Vaults:1: 4290 daAuts
Spider:1: 4032 daAuts
Vaults:2: 3702 daAuts
  Lair:4: 3573 daAuts
  Lair:2: 3562 daAuts
    D:11: 3531 daAuts
    D:12: 3401 daAuts
  Lair:1: 3230 daAuts
  Lair:3: 3193 daAuts
     D:3: 3120 daAuts
     D:8: 3023 daAuts
   Elf:1: 2866 daAuts
     D:4: 2579 daAuts
